 Dungeon Crawl Stone Soup version 0.18.1-5-g4a78601 (webtiles) character file.

73 Geppetto the Grasshopper (level 4, 0/22 HPs)
             Began as a Spriggan Warper on May 10, 2016.
             Slain by Sigmund
             ... wielding a +0 scythe
              (9 damage)
             ... on level 2 of the Dungeon.
             The game lasted 00:19:32 (2337 turns).

Geppetto the Grasshopper (Spriggan Warper)          Turns: 2337, Time: 00:19:33

Health: 0/22       AC:  2    Str:  7    XL:     4   Next: 8%
Magic:  6/9        EV: 18    Int: 19    God:
Gold:   60         SH:  0    Dex: 16    Spells: 4 memorised, 1 level left

rFire  . . .     SeeInvis +     m - +0 dagger (venom)
rCold  . . .     Gourm    .     k - +0 robe
rNeg   . . .     Faith    .     (shield restricted)
rPois  .         Spirit   .     (helmet restricted)
rElec  .         Dismiss  .     (no cloak)
rCorr  .         Reflect  .     (gloves unavailable)
SustAt .         Harm     .     (boots unavailable)
MR     .....                    (no amulet)
Stlth  +++.......               (no ring)
                                (no ring)

@: brilliant, very quick, not resistant to hostile enchantments, fairly stealthy
A: unfitting armour, see invisible, herbivore 3, speed 3, slow metabolism 2
a: no special abilities


You were on level 2 of the Dungeon.
You were not hungry.

You visited 1 branch of the dungeon, and saw 2 of its levels.

You collected 60 gold pieces.

Inventory:

Hand Weapons
 a - a +0 short sword
 m - a +0 dagger of venom (weapon)
Armour
 b - a +0 robe
 k - a +0 robe (worn)
Scrolls
 d - a scroll of blinking
 e - 2 scrolls of teleportation
 n - a scroll of remove curse
Potions
 g - a potion of cure mutation
Books
 c - a book of Spatial Translocations

   Spells                             Type                      Level
   a - Apportation                    Translocation                1
   b - Blink                          Translocation                2
   c - Shroud of Golubria             Charms/Translocation         2
   d - Portal Projectile              Translocation                3
   e - Teleport Other                 Translocation                3
   f - Passage of Golubria            Translocation                4
Comestibles
 f - a bread ration


   Skills:
 - Level 1.5 Fighting
 - Level 2.1 Short Blades
 - Level 1.0 Throwing
 - Level 3.5 Dodging
 + Level 3.8 Stealth
 - Level 3.0 Spellcasting
 * Level 3.6 Charms
 - Level 4.4 Translocations


You had one spell level left.
You knew the following spells:

 Your Spells              Type           Power        Failure   Level  Hunger
a - Apportation           Tloc           ####......   1%          1    None
b - Blink                 Tloc           N/A          1%          2    ##.....
c - Shroud of Golubria    Chrm/Tloc      ####......   1%          2    ##.....
d - Portal Projectile     Tloc           ####..       1%          3    ###....


Dungeon Overview and Level Annotations

Branches:
Dungeon (2/15)

Altars:
Xom

Annotations:
D:2 Natasha, Robin, Sigmund


Innate Abilities, Weirdness & Mutations

You are tiny and cannot use many weapons and most armour.
You have supernaturally acute eyesight.
You are a herbivore.
You cover ground extremely quickly.
You need consume almost no food.


Message History

You swing at nothing.
Robin hits you but does no damage.
The goblin moves out of view.
Sigmund hits you but does no damage.
You swing at nothing.
Robin barely misses you.
You swing at nothing.
Robin hits you but does no damage. Sigmund hits you but does no damage.
You swing at nothing.
Your resistance to elements expires.
Robin hits you but does no damage.
You swing at nothing.
Sigmund hits you but does no damage. Robin hits you but does no damage.
You swing at nothing.
Robin barely misses you. Sigmund hits you but does no damage.
You swing at nothing.
You feel less woody.
Your +0 robe unmelds from your body.
Your shroud unravels.
Robin closely misses you.
You swing at nothing.
Sigmund hits you from afar with a scythe!
You die...

### #### .. ..######.. ..
#........###### #. #.#
#........ ##.## #.#
#.#.#.### #.
##...####.#####.#.#.###
#..##.!$..##......#.#.#....
#.@#....@.@##..##.#.#.#####
#....(._..(.g.()......#
#..#......(##.(##.#.###
#..##(....###..##.#.# #..
##...##..†#.#.#.# #.#
##.####.###..#.### #>#
#...g.## ##.....##### #.#
######.###........... #.#
#.....#.....#.#####


You could see Sigmund and Robin.

Vanquished Creatures
  Jessica (D:2)
  A worm (D:2)
  A giant gecko (D:1)
  2 giant cockroaches (D:1)
  17 goblins
  5 hobgoblins
  4 kobolds (D:1)
  5 bats
  A giant newt (D:2)
  4 rats (D:1)
41 creatures vanquished.

Notes
Turn   | Place    | Note
--------------------------------------------------------------
     0 | D:1      | Geppetto the Spriggan Warper began the quest for the Orb.
     0 | D:1      | Reached XP level 1. HP: 10/10 MP: 5/5
   304 | D:1      | Reached skill level 1 in Stealth
   561 | D:1      | Reached XP level 2. HP: 13/14 MP: 7/7
   565 | D:1      | Learned a level 2 spell: Blink
   568 | D:1      | Learned a level 2 spell: Shroud of Golubria
   810 | D:1      | Reached skill level 1 in Charms
  1457 | D:2      | Noticed Robin
  1463 | D:2      | Noticed Jessica
  1463 | D:2      | Reached XP level 3. HP: 15/18 MP: 5/8
  1530 | D:2      | Killed Jessica
  1588 | D:2      | Noticed Natasha
  1947 | D:2      | Learned a level 3 spell: Portal Projectile
  2023 | D:2      | Noticed Sigmund
  2111 | D:2      | Reached XP level 4. HP: 20/22 MP: 9/9
  2115 | D:2      | Found a shimmering altar of Xom.
  2337 | D:2      | Slain by Sigmund

Skill      XL: |  1  2  3 |
---------------+----------+-----
Spellcasting   | 3 |  3.0
Stealth        | 2 3 |  3.8
Charms         | 2 3 |  3.6
Fighting       | |  1.5
Short Blades   | |  2.1
Throwing       | |  1.0
Dodging        | |  3.5
Translocations | |  4.4

Action                   |  1- 3 |  4- 6 || total
-------------------------+-------+-------++-------
Melee: Short sword       |   124 |       ||   124
       Dagger            |     5 |     2 ||     7
Throw: Stone             |     5 |       ||     5
       Tomahawk          |     5 |       ||     5
 Cast: Shroud of Golubri |     8 |     2 ||    10
       Blink             |     4 |       ||     4
       Portal Projectile |       |     2 ||     2
  Use: Scroll            |     7 |       ||     7
       Potion            |       |     3 ||     3
 Stab: Sleeping          |     5 |       ||     5
Armor: Robe              |    10 |       ||    10
       Skin              |       |    46 ||    46
Dodge: Dodged            |   110 |    25 ||   135
